 Dungeon Crawl Stone Soup version 0.21.1-1-g345015fe64 (webtiles) character file.

54 LisaTheBanana the Shield-Bearer (level 4, -6/37 HPs)
             Began as a Formicid Fighter on Apr 8, 2018.
             Killed from afar by an orc wizard (11 damage)
             ... with a magic dart
             ... on level 2 of the Dungeon.
             The game lasted 00:04:50 (825 turns).

LisaTheBanana the Shield-Bearer (Formicid Fighter)   Turns: 825, Time: 00:04:50

Health: -6/37      AC:  8    Str: 21    XL:     4   Next: 12%
Magic:  4/4        EV:  8    Int:  7    God:
Gold:   103        SH:  9    Dex: 11    Spells: 3/3 levels left

rFire    . . .     SeeInvis +   a - +0 long sword
rCold    . . .     Gourm    .   c - +0 shield
rNeg     . . .     Faith    .   b - +0 scale mail
rPois    .         Spirit   .   (helmet unavailable)
rElec    .         Reflect  .   i - +0 cloak
rCorr    .         Harm     .   (no gloves)
MR       .....                  (no boots)
Stlth    ..........             (no amulet)
HPRegen  0.12/turn              (no ring)
MPRegen  0.09/turn              (no ring)

@: lethally poisoned (-6 -> -8)
A: permanent stasis, dig shafts and tunnels, four strong arms, antennae 3
a: Dig, Shaft Self


You were on level 2 of the Dungeon.
You were not hungry.

You visited 1 branch of the dungeon, and saw 2 of its levels.

You collected 103 gold pieces.

Inventory:

Hand Weapons
 a - a +0 long sword (weapon)
 n - a +0 spear
Armour
 b - a +0 scale mail (worn)
 c - a +0 shield (worn)
 i - a +0 cloak (worn)
Jewellery
 o - an uncursed amulet of faith
Scrolls
 g - a scroll of identify
 j - a scroll of enchant weapon {unknown}
 l - 3 scrolls of blinking {unknown}
 m - a scroll of enchant armour {unknown}
 r - a scroll of fog {unknown}
Potions
 d - a potion of might
 e - 2 potions of curing {unknown}
 h - a potion of berserk rage {unknown}
 k - a potion of flight {unknown}
 p - a potion of agility {unknown}
 q - a potion of brilliance {unknown}
Comestibles
 f - 5 rations


   Skills:
 + Level 3.7 Fighting
 + Level 2.4 Long Blades
 + Level 3.6 Armour
 + Level 0.6 Dodging
 + Level 0.1 Stealth
 + Level 4.4 Shields


You had 3 spell levels left.
You didn't know any spells.

Dungeon Overview and Level Annotations

Branches:
Dungeon (2/15)

Altars:


Innate Abilities, Weirdness & Mutations

You cannot be hasted, slowed, berserked, paralysed or teleported.
You can dig through walls and to a lower floor.
Your four strong arms can wield two-handed weapons with a shield.
You have a pair of large antennae on your head. (SInv)


Message History

You kill the adder!
You have reached level 4!
You feel stronger.
You feel sick.
You closely miss the kobold.
You feel sick. You block the kobold's attack.
Your shield and scale mail prevent you from hitting the kobold.
You block the kobold's attack.
Your shield and scale mail prevent you from hitting the kobold.
You feel sick. The kobold closely misses you. You block the kobold's attack.
You slash the kobold!
You kill the kobold!
The orc wizard closely misses you.
You closely miss the orc wizard.
The orc wizard mumbles some strange words.
The orc wizard seems to speed up.
A worm comes into view.
You barely miss the orc wizard.
You feel sick. The orc wizard casts a spell at you. The magic dart hits you!
You die...

# #...[........ #
##.........###
#........>.##
######.#.........##
#......##.....##..#
..>...###########.####
......#####..........#
#....................#
#..†............@o...####
....<...########o###......
........## #o###......
##.####).## #r.........
.#........######..........
.........................
...#######.......(........
##. #.†......w(........ #.
#..................


You could see a worm, an orc wizard (invisible), 2 orcs and a quokka.

Vanquished Creatures
  2 adders (D:2)
  A worm (D:2)
  3 leopard geckos
  A ball python (D:1)
  2 giant cockroaches (D:2)
  2 goblins (D:1)
  6 hobgoblins
  A bat (D:2)
  2 frilled lizards (D:1)
  5 kobolds
  4 rats (D:1)
29 creatures vanquished.

Notes
Turn   | Place    | Note
-------+----------+-------------------------------------------
     0 | D:1      | LisaTheBanana the Formicid Fighter began the quest for the Orb.
     0 | D:1      | Reached XP level 1. HP: 18/18 MP: 1/1
   217 | D:1      | Reached XP level 2. HP: 19/24 MP: 2/2
   514 | D:1      | Reached XP level 3. HP: 26/29 MP: 3/3
   701 | D:2      | Reached skill level 4 in Shields
   819 | D:2      | Reached XP level 4. HP: 8/37 MP: 4/4
   825 | D:2      | Killed from afar by an orc wizard

Skill      XL: |  1  2  3 |
---------------+----------+-----
Shields        | 4 |  4.4
Fighting       | |  3.7
Long Blades    | |  2.4
Armour         | |  3.6
Dodging        | |  0.6
Stealth        | |  0.1

Action                   |  1- 3 |  4- 6 || total
-------------------------+-------+-------++-------
Melee: Long sword        |   103 |     6 ||   109
 Abil: Dig               |     1 |       ||     1
  Use: Scroll            |     1 |       ||     1
Armor: Scale mail        |    64 |       ||    64
Dodge: Dodged            |    49 |     2 ||    51
Block: Shield            |    93 |     3 ||    96
       Rpst.: Long sword |    15 |       ||    15
